 Dungeon Crawl Stone Soup version 0.27-a0-1105-g946c659c87 (webtiles) character file.

Game seed: 6068109556793982967

12634 sanka the Nimble (level 11, -7/89 HPs)
             Began as a Djinni Wanderer on Apr 29, 2021.
             Was a Priest of Ashenzari.
             Shot with a bolt by a yaktaur (28 damage)
             ... in a volcano.
             The game lasted 00:33:07 (16585 turns).

sanka the Nimble (Djinni Wanderer)                 Turns: 16585, Time: 00:33:08

Health: -7/89      AC: 16    Str: 12    XL:     11   Next: 96%
Gold:   686        EV: 22    Int: 17    God:    Ashenzari [***...] SH: 11 Dex: 16

rFire    + . .     SeeInvis +   a - +11 double sword of the Unyielding Gaze {protect, rPois SInv, Melee, Self} (curse)
rCold    . . .     Faith    .   w - +0 kite shield of Ashenzari's Discomfort {Melee, Fort} (curse)
rNeg     . . .     Spirit   .   H - +0 steam dragon scales "Share My Ordeal" {Cun, Range} (curse)
rPois    ∞         Reflect  .   s - +0 helmet
rElec    .         Harm     .   (no cloak)
rCorr    .         Rampage  .   n - +2 pair of gloves
Will     +....     Clarity  +   (boots unavailable)
Stlth    +++.......             (no amulet)
HPRegen  0.24/turn              f - ring of the Sphere {Ice, Fort, Evo} (curse)
MPRegen  0.00/turn              c - ring "Eternal Together" {EV+4 Dex+4, Cun, Fort} (curse)

@: under a protective aura, flying
A: fire resistance 2, cold vulnerability 1, float, innate caster, hp casting,
extra vitality 1
a: Renounce Religion, Curse Item, Shatter the Chains


You were in a volcano.
You worshipped Ashenzari.
Ashenzari was most pleased with you.
You visited 3 branches of the dungeon, and saw 14 of its levels.
You also visited: Sewer and Volcano.

You collected 686 gold pieces.


Innate Abilities, Weirdness & Mutations

You are immune to poison.
Your flesh is very heat resistant. (rF++)
You are vulnerable to cold. (rC-)
You float through the air rather than walking.
You learn spells naturally, not from books.
Your magical power is your life essence.
You have superior vitality. (+4 HP)


   Skills:
 + Level 10.0(11.8) Fighting
 - Level 5.2(8.1) Long Blades
 + Level 10.8(13.4) Dodging
 - Level 1.5(3.5) Stealth
 - Level 5.0(8.7) Shields
 + Level 9.5(11.3) Spellcasting


You had 14 spell levels left.
You knew the following spells:

 Your Spells              Type           Power      Damage    Failure   Level
i - Manifold Assault      Tloc           48%        N/A       4%          5
u - Corpse Rot            Necr/Air       N/A        N/A       1%          2
y - Sandblast             Erth           96%        2d20      1%          1
z - Sting                 Tmut/Pois      100%       1d8       1%          1
N - Passwall              Tmut/Erth      40%        N/A       1%          2
X - Leda's Liquefaction   Hex/Erth       24%        N/A       1%          4
Z - Ignite Poison         Fire/Tmut/Pois 48%        N/A       1%          3
Your spell library was empty.

Inventory:

Hand Weapons
 a - the cursed +11 double sword of the Unyielding Gaze (weapon) {protect, rPois SInv, Melee, Self}

   It grants its wielder temporary protection when it strikes (+7 to AC).
   It protects you from poison.
   It lets you see invisible.
   It has a curse which improves the following skills: Melee Combat: Short
   Blades, Long Blades, Axes, Maces & Flails, Polearms, Staves and Unarmed
   Combat.
   Introspection: Fighting and Spellcasting.
Missiles
 i - 241 stones
Armour
 n - a +2 pair of gloves (worn)
 s - a +0 helmet (worn)
 w - the cursed +0 kite shield of Ashenzari's Discomfort (worn) {Melee, Fort}

   It has a curse which improves the following skills: Melee Combat: Short
   Blades, Long Blades, Axes, Maces & Flails, Polearms, Staves and Unarmed
   Combat.
   Fortitude: Armour and Shields.
 H - the cursed +0 steam dragon scales "Share My Ordeal" (worn) {Cun, Range}

   It has a curse which improves the following skills: Cunning: Dodging and
   Stealth.
   Ranged Combat: Slings, Bows, Crossbows and Throwing.
Jewellery
 c - the cursed ring "Eternal Together" (right hand) {EV+4 Dex+4, Cun, Fort}

   [ring of evasion]

   It affects your evasion (+4).
   It affects your dexterity (+4).
   It has a curse which improves the following skills: Cunning: Dodging and
   Stealth.
   Fortitude: Armour and Shields.
 f - the cursed ring of the Sphere (left hand) {Ice, Fort, Evo}

   [ring of ice]

   It enhances your ice magic.
   It makes you vulnerable to fire.
   It protects you from cold.
   It has a curse which improves the following skills: Fortitude: Armour and
   Shields.
   Evocations: Evocations.
 L - a ring of ice
Wands
 g - a wand of mindburst (11)
 q - a wand of flame (48)
 z - a wand of digging (13)
 D - a wand of acid (9)
 E - a wand of paralysis (5)
 G - a wand of polymorph (23)
 M - a wand of iceblast (12)
Scrolls
 b - 3 scrolls of fear
 d - 6 scrolls of teleportation {@r4}
 m - a scroll of blinking
 r - a scroll of enchant weapon
 t - a scroll of immolation {!r}
 y - 2 scrolls of magic mapping
 C - a scroll of holy word
 F - 2 scrolls of fog
 J - 3 scrolls of vulnerability {!r}
 N - a scroll of brand weapon
Potions
 e - 2 potions of might
 h - 2 potions of haste {@q3}
 j - 8 potions of heal wounds {@q2}
 p - 3 potions of ambrosia
 v - a potion of mutation {!q}
 A - 2 potions of brilliance
 B - a potion of resistance
 I - 3 potions of curing {@q1}
 K - 2 potions of attraction {!q}

Dungeon Overview and Level Annotations

Branches:
Dungeon (11/15)            Temple (1/1) D:7            Lair (2/6) D:9
 Shoals (0/4) Lair:2        Sewer (visited)         Volcano (1/1)
  Snake: Lair:2-4    Spider: Lair:2-4       Orc: D:9-12

Altars:
Ashenzari
Cheibriados
Dithmenos
Elyvilon
Fedhas
Gozag
Hepliaklqana
Kikubaaqudgha
Makhleb
Nemelex Xobeh
Okawaru
Qazlal
Ru
Sif Muna
Trog
Uskayaw
Vehumet
Wu Jian
Xom
Yredelemnul
Zin
The Shining One

Shops:
D:4 *   D:11 [

Annotations:
D:5 2 transporters, bmj180's ghost, novice HOFi
D:9 1 runed translucent door, Matador8's ghost, novice DsAK

▒▒≈☼≈≈≈#≈▒▒ ▒▒##≈##≈##≈▒▒▒
▒▒▒▒#≈#≈≈≈#≈≈≈≈≈▒▒▒
▒▒#≈#≈≈▒▒▒▒▒▒▒≈≈≈#≈▒
▒▒≈##≈▒▒▒)))!)▒▒▒#≈≈▒▒
▒≈≈≈≈▒▒.▒.£.!.▒.▒▒##≈▒
▒▒##≈≈▒..'.!.c.'..▒≈##▒▒
▒▒#≈≈≈▒▒..'.._p.'..▒▒≈≈#▒▒
▒▒≈#≈#≈▒..R▒.....▒...▒≈≈≈#≈
▒≈#≈≈≈#▒...▒▒▒▒▒▒▒.cc▒≈≈#≈≈
▒≈≈≈≈##▒...'!£.!!'...▒≈≈#≈≈
▒▒▒≈≈#≈▒...▒))≈..▒...▒##≈≈≈
▒▒≈#≈▒...▒8≈≈≈8▒...▒≈#≈#▒
▒#≈#≈▒▒..+..≈..+.{▒▒####▒
▒≈#≈≈≈▒..+.....+..▒≈≈≈≈≈▒
▒▒#≈#≈▒▒.▒8...8▒.▒▒≈≈≈≈▒▒
▒▒#≈#≈▒▒▒.....▒▒▒≈#≈≈▒▒


You could see a hell knight and a yaktaur.


Message History

The yaktaur is lightly wounded.
* * * LOW HITPOINT WARNING * * *
The centaur shoots an arrow.
You block the arrow. The yaktaur hits you!
* * * LOW HITPOINT WARNING * * *
You ignite the poison in your surroundings!
The yaktaur seems to burn from within!!
The yaktaur is almost dead.
* * * LOW HITPOINT WARNING * * *
The yaktaur shoots a bolt.
You block the bolt. The yaktaur barely misses you.
Unknown command.
Unknown command.
You slash the yaktaur!
Your weapon exudes an aura of protection.
You kill the yaktaur!
The centaur shoots an arrow.
The arrow misses you.
The yaktaur shoots a bolt.
The bolt hits you.
* * * LOW HITPOINT WARNING * * *
The bolt burns you.
* * * LOW HITPOINT WARNING * * *
The centaur shoots an arrow.
The arrow closely misses you.
The yaktaur shoots a bolt.
The bolt hits you!!
You die...

Action                   |  1- 3 |  4- 6 |  7- 9 | 10-12 || total
-------------------------+-------+-------+-------+-------++-------
Melee: Dagger            |    49 |    56 |    70 |       ||   175
       Flail             |       |       |   162 |       ||   162
       Double sword      |       |       |    13 |   149 ||   162
 Cast: Sting             |    39 |    49 |   126 |    85 ||   299
       Ignite Poison     |       |     1 |    25 |    31 ||    57
       Sandblast         |       |     3 |    27 |     4 ||    34
       Manifold Assault  |       |       |       |     4 ||     4
Invok: Curse Item        |       |       |       |     5 ||     5
Evoke: Wand              |       |       |     5 |     1 ||     6
  Use: Scroll            |       |       |     2 |       ||     2
       Potion            |       |       |       |     1 ||     1
 Stab: Sleeping          |     4 |       |       |     1 ||     5
Armor: Robe              |    17 |    11 |    68 |       ||    96
       Steam dragon scal |       |       |    86 |    60 ||   146
Dodge: Dodged            |    35 |    36 |   356 |   269 ||   696
Block: Kite shield       |       |       |       |    41 ||    41
       Rpst.: Double sword |       |       |    10 |    60 ||    70

Levels and vault maps discovered:
D:1:      matt_arrival_grand_opening, layout_basic
D:2:      layout_rooms, supply_closet_lemuel, st_stairs_12
D:3:      layout_rooms, serial_co_window_serial, co_window_paths_a,
          co_window_paths_a, co_window_paths_a, co_window_of_opportunity_a,
          co_window_corner_a, co_window_corner_cb, co_window_unsneaky_path_b,
          co_window_paths_c, co_window_4corner_a, co_window_paths_d,
          uniq_natasha
D:4:      layout_basic, minmay_shop_damaged, chequers_jeans, uniq_ijyb
D:5:      layout_cave_pools, serial_undead, serial_undead_f, serial_undead_c,
          serial_undead_e, serial_undead_d, portal_sewer_entry_d,
          gammafunk_ghost_hive
D:6:      layout_basic, kennysheep_generic_room_9, uniq_pikel
D:7:      layout_rooms, minmay_temple_entry_stoned_glass,
          hangedman_decor_peaks_small
D:8:      layout_cave_pools, nzn_overflow_gifts_of_might_and_magic,
          kennysheep_pointless_box, hangedman_abyss_or_decor_jellyfish_corner,
          minmay_checkerbox, uniq_maggie
D:9:      layout_loops_ring, minitemple, david_lair_shrubbed,
          hellmonk_ghost_happy_afterlife
D:10:     layout_stronghold, kennysheep_mini_moat, st_stairs_6, uniq_urug,
          uniq_snorg
D:11:     layout_roguey, serial_shops, shop, grunt_gozag_statues
Temple:   minmay_temple_curvy_loop
Lair:1:   layout_concentric_octagons, nicolae_quartered_pool_medium
Lair:2:   layout_regular_city, minmay_shoals_entry_hut,
          guppyfry_snake_entry_garden, nicolae_volcano_entry_two_sided,
          serial_bayou_shore_b, grunt_megastairs_3, lemuel_fruit_tree
Volcano:  kennysheep_volcano_temple

Notes
Turn   | Place    | Note
-------+----------+-------------------------------------------
     0 | D:1      | sanka the Djinni Wanderer began the quest for the Orb.
     0 | D:1      | Reached XP level 1. HP: 17/17 MP: 0/0
   249 | D:1      | Reached XP level 2. HP: 22/23 MP: 0/0
   442 | D:1      | Reached skill level 2 in Fighting
  1014 | D:1      | Reached XP level 3. HP: 14/28 MP: 0/0
  1014 | D:1      | Learned a level 1 spell: Sandblast
  1386 | D:1      | Reached skill level 2 in Dodging
  2031 | D:2      | Reached XP level 4. HP: 33/34 MP: 0/0
  3448 | D:3      | Noticed Natasha
  3474 | D:3      | Killed Natasha
  3475 | D:3      | Reached skill level 3 in Fighting
  3475 | D:3      | Reached skill level 5 in Spellcasting
  3475 | D:3      | Reached XP level 5. HP: 36/40 MP: 0/0
  3475 | D:3      | Learned a level 2 spell: Passwall
  3561 | D:3      | Noticed Natasha
  3567 | D:3      | Killed Natasha
  3568 | D:3      | Reached skill level 3 in Dodging
  3790 | D:3      | Noticed Natasha
  3846 | D:3      | Killed Natasha
  4132 | D:4      | Noticed Ijyb
  4137 | D:4      | Killed Ijyb
  4138 | D:4      | Reached XP level 6. HP: 37/46 MP: 0/0
  4261 | D:4      | Found Kolagev's Lightly-Used Armoury.
  4585 | D:4      | You are sucked into a shaft and drop 2 floors!
  4622 | D:6      | Reached skill level 4 in Fighting
  4622 | D:6      | Reached skill level 4 in Dodging
  4687 | D:6      | Reached XP level 7. HP: 48/52 MP: 0/0
  4687 | D:6      | Learned a level 2 spell: Corpse Rot
  4936 | D:6      | Noticed Pikel
  5732 | D:6      | Killed Pikel
  5733 | D:6      | Reached skill level 5 in Fighting
  5733 | D:6      | Reached skill level 5 in Dodging
  5733 | D:6      | Reached skill level 6 in Spellcasting
  5733 | D:6      | Reached XP level 8. HP: 18/60 MP: 0/0
  6240 | D:6      | Reached skill level 6 in Dodging
  6610 | D:5      | Entered Level 5 of the Dungeon
  6631 | D:5      | Reached skill level 6 in Fighting
  6656 | D:5      | Found a transporter.
  6660 | D:5      | Found a transporter.
  6660 | D:5      | Noticed bmj180's ghost (novice HOFi)
  6666 | D:5      | Noticed a hornet
  6792 | D:5      | Found a glowing drain.
  6909 | Sewer    | Entered a sewer
  7153 | Sewer    | Found a glowing silver altar of Zin.
  7406 | D:5      | Reached skill level 7 in Spellcasting
  7449 | D:5      | Identified +0 steam dragon scales
  7450 | D:5      | Reached skill level 7 in Dodging
  7450 | D:5      | Reached XP level 9. HP: 51/67 MP: 0/0
  7450 | D:5      | Learned a level 4 spell: Leda's Liquefaction
  7926 | D:5      | Reached skill level 7 in Fighting
  9187 | D:7      | Reached skill level 8 in Dodging
  9696 | D:7      | Found a staircase to the Ecumenical Temple.
  9742 | Temple   | Entered the Ecumenical Temple
  9944 | Temple   | Became a worshipper of Ashenzari the Shackled
  9944 | Temple   | Identified 2 scrolls of acquirement
  9944 | Temple   | Identified a potion of resistance
  9948 | Temple   | Acquired the ring "Uguitieg" {EV+4 Dex+4}
  9952 | Temple   | Acquired the +11 double sword "Mecrizoto" {protect, rPois
                  | SInv}
 10341 | D:7      | Reached skill level 8 in Spellcasting
 10568 | D:7      | Reached skill level 8 in Fighting
 10574 | D:8      | Reached XP level 10. HP: 55/76 MP: 0/0
 11013 | D:8      | Identified +0 steam dragon scales
 11013 | D:8      | Noticed Maggie
 11014 | D:8      | Reached skill level 1 in Long Blades
 11021 | D:8      | Killed Maggie
 11022 | D:8      | Reached skill level 9 in Dodging
 11022 | D:8      | Reached skill level 2 in Shields
 11313 | D:8      | Identified Sif Muna's Almanac of the Glacier
 11359 | D:8      | Reached skill level 2 in Long Blades
 11409 | D:8      | Found a bloodstained altar of Trog.
 11716 | D:9      | Found a glowing silver altar of Zin.
 11744 | D:9      | Found a stormy altar of Qazlal.
 11745 | D:9      | Found a blossoming altar of Fedhas.
 11745 | D:9      | Found a hide-covered altar of Uskayaw.
 11745 | D:9      | Found a snail-covered altar of Cheibriados.
 11746 | D:9      | Found a glowing golden altar of the Shining One.
 11750 | D:9      | Found an iron altar of Okawaru.
 11918 | D:9      | Reached skill level 3 in Shields
 12210 | D:9      | Reached skill level 3 in Long Blades
 12358 | D:9      | Found a runed translucent door.
 12358 | D:9      | Noticed Matador8's ghost (novice DsAK)
 12688 | D:9      | Reached skill level 9 in Fighting
 12788 | D:9      | Found a staircase to the Lair.
 12931 | D:10     | Entered Level 10 of the Dungeon
 12933 | D:10     | Noticed a two-headed ogre
 12943 | D:10     | Killed a two-headed ogre
 12944 | D:10     | Reached skill level 4 in Shields
 12944 | D:10     | Reached XP level 11. HP: 35/84 MP: 0/0
 12944 | D:10     | Learned a level 5 spell: Manifold Assault
 13192 | D:10     | Reached * piety under Ashenzari
 13335 | D:10     | Reached skill level 10 in Dodging
 13556 | D:10     | Found a sparkling altar of Nemelex Xobeh.
 13619 | D:10     | Reached skill level 9 in Spellcasting
 13713 | D:10     | Noticed Snorg
 13722 | D:10     | HP: 7/84 [Snorg (12)]
 13726 | D:10     | Killed Snorg
 13727 | D:10     | Reached skill level 4 in Long Blades
 14110 | D:10     | Noticed Urug
 14122 | D:10     | Killed Urug
 14681 | D:11     | Reached ** piety under Ashenzari
 14938 | D:11     | Reached skill level 5 in Shields
 15195 | D:11     | Found Pigefiag's Antique Armour Emporium.
 15196 | D:11     | Reached *** piety under Ashenzari
 15407 | D:11     | Found an opulent altar of Gozag.
 15705 | Lair:1   | Entered Level 1 of the Lair of Beasts
 16422 | Lair:2   | Found a dark tunnel.
 16439 | Lair:2   | Reached skill level 5 in Long Blades
 16441 | Volcano  | Entered a volcano
 16465 | Volcano  | Noticed a centaur warrior
 16489 | Volcano  | Found a burning altar of Makhleb.
 16493 | Volcano  | Noticed a hell knight
 16535 | Volcano  | Killed a centaur warrior
 16536 | Volcano  | Reached skill level 10 in Fighting
 16585 | Volcano  | Shot with a bolt by a yaktaur

Vanquished Creatures
  Snorg (D:10)
  A centaur warrior (Volcano)
  A two-headed ogre (D:10)
  Urug (D:10)
  Pikel (D:6)
  Maggie (D:8)
  2 gargoyles (D:11)
  5 komodo dragons
  A yaktaur (Volcano)
  2 trolls
  A hornet (D:8)
  6 yaks
  A ynoxinul (D:8)
  3 vampire mosquitoes (D:11)
  A steam dragon (D:5)
  4 water moccasins
  3 orc warriors
  An ice beast (D:7)
  A hornet zombie (D:5)
  A necrophage (D:7)
  4 centaurs
  4 lemures (D:6)
  2 ogres
  A phantom (D:6)
  A kobold brigand (Sewer)
  5 bullfrogs
  3 scorpions
  A wyvern skeleton (D:5)
  2 water moccasin skeletons (D:5)
  15 killer bees
  13 wights
  An electric eel (Lair:1)
  5 howler monkeys
  2 bullfrog zombies (D:6)
  A jelly (D:4)
  A bullfrog skeleton (D:5)
  5 centaur zombies
  2 centaur skeletons (D:5)
  7 orc priests
  4 hounds
  A gnoll shaman (D:7)
  Ijyb (D:4)
  8 orc wizards
  Natasha (thrice) (D:3)
  3 iguanas
  4 scorpion zombies (D:5)
  A hound skeleton (D:5)
  A howler monkey skeleton (D:6)
  2 howler monkey zombies
  6 gnolls
  8 adders
  2 river rats (Sewer)
  A shadow imp (D:7)
  A white imp (D:5)
  An adder skeleton (D:4)
  A worm (D:5)
  A dart slug (D:1)
  18 orcs
  3 endoplasms
  5 giant cockroaches
  2 goblins (D:1)
  6 hobgoblins
  5 jackals
  6 quokkas
  7 ball pythons
  5 bats (D:1)
  3 frilled lizards
  11 kobolds
  5 rats
238 creatures vanquished.

Vanquished Creatures (others)
  36 plants (D:9)
  3 withered plants (D:5)
39 creatures vanquished.

Grand Total: 277 creatures vanquished
